 Dungeon Crawl Stone Soup version 0.32-a0-314-g526f7d4993 (webtiles) character file.

Game seed: 17862484717647611881

72 Aldia the Chopper (level 4, -10/38 HPs)
             Began as a Mountain Dwarf Warper on Feb 15, 2024.
             Killed by nerve-wracking pain
             ... invoked by Jessica
              (12 damage)
             ... on level 2 of the Dungeon.
             The game lasted 00:02:57 (1260 turns).

Aldia the Chopper (Mountain Dwarf Warper)           Turns: 1260, Time: 00:02:57

Health: -10/38     AC:  8    Str: 15    XL:     4   Next: 6%
Magic:  6/6        EV: 10    Int: 20    God:
Gold:   66         SH:  0    Dex:  9    Spells: 4/6 levels left

rFire   . . .        a - +0 hand axe
rCold   . . .        (no shield)
rNeg    . . .        f - +0 ring mail
rPois   .            l - +2 hat
rElec   .            (no cloak)
rCorr   .            (no gloves)
SInv    .            g - +0 pair of boots
Will    .....        (no amulet) Stlth
                     i - +6 ring of intelligence
HPRegen 0.26/turn    (no ring)
MPRegen 0.10/turn

%: no passive effects
@: no status effects
A: runic magic, artefact enchanting
a: no special abilities


You were on level 2 of the Dungeon.
You visited 1 branch of the dungeon, and saw 2 of its levels.

You collected 66 gold pieces.

Inventory:

Hand Weapons
 a - a +0 hand axe (weapon)
Missiles
 d - 7 darts of dispersal (quivered)
 m - 7 poisoned darts
Armour
 b - a +0 leather armour
 f - a +0 ring mail (worn)
 g - a +0 pair of boots (worn)
 l - a +2 hat (worn)
Jewellery
 i - a +6 ring of intelligence (left hand)
Scrolls
 c - a scroll of blinking
 e - a scroll of immolation {unknown}
 j - 2 scrolls of identify {unknown}
Potions
 h - 3 potions of curing {unknown}
 k - a potion of attraction {unknown}


   Skills:
 + Level 3.0 Fighting
 * Level 3.9 Axes
 - Level 0.7 Throwing
 + Level 2.1 Armour
 - Level 1.3 Dodging
 - Level 1.7 Spellcasting
 + Level 2.6 Translocations


You had 4 spell levels left.
You knew the following spells:

 Your Spells              Type           Power      Damage    Failure   Level
a - Blink                 Tloc           24%        N/A       10%         2

Your spell library contained the following spells:

 Spells                   Type           Power      Damage    Failure   Level
 Lesser Beckoning         Tloc           24%        N/A       10%         2
 Teleport Other           Tloc           12%        N/A       19%         3
 Manifold Assault         Tloc           12%        N/A       52%         4
 Vhi's Electric Charge    Tloc/Air       14%        N/A       71%         4


Dungeon Overview and Level Annotations

Branches:
Dungeon (2/15)

Altars:

Annotations:
D:2 Jessica


Innate Abilities, Weirdness & Mutations

Your spellcasting is much less encumbered by armour.
You can use scrolls of enchantment on lesser artefacts.


Message History

Jessica casts a spell at you. Pain shoots through your body!
You see here a +0 leather armour.
Jessica casts a spell at you. You resist with some effort.
You closely miss Jessica.
Jessica hits you with a +2 spectral club.
You barely miss Jessica. Jessica hits you but does no damage. x2
You hit Jessica.
Jessica is lightly wounded.
Jessica barely misses you.
Jessica casts a spell.
Jessica blinks!
Okay, then.
Sorry, you're not good enough to have a special ability.
Jessica barely misses you. The +2 spectral club hits you. Jessica misses you.
The +2 spectral club hits you.
A +2 spectral club comes into view.
You see here a +0 ring mail.
You are too injured to fight recklessly!
You are too injured to fight recklessly!
You hit Jessica.
Jessica is moderately wounded.
You hit the +2 spectral club but do no damage.
Jessica barely misses you. The +2 spectral club hits you.
* * * LOW HITPOINT WARNING * * *
You hit Jessica.
Jessica is moderately wounded.
You hit the +2 spectral club but do no damage.
Jessica hits you with a +2 spectral club!
* * * LOW HITPOINT WARNING * * *
The +2 spectral club hits you but does no damage.
Jessica closely misses you. The +2 spectral club hits you.
* * * LOW HITPOINT WARNING * * *
You closely miss Jessica.
Jessica is moderately wounded.
You barely miss the +2 spectral club.
Jessica points at you and mumbles some strange words.
Pain shoots through your body!
You die...

†.# #.# ..### ...
....# #.# .##.# #.#
.##.# #.# .##.# #.#
....# #.## .#).# #..##
##..# ##[@##
#...###########.(@####
.....................+
#...###########...####
##..# .....# ##.#
##.##.# #.## #.# .#
#..# ..# .# ####.# .##


You could see a +2 spectral club and Jessica (fast).

Vanquished Creatures
  7 endoplasms
  A giant cockroach (D:1)
  5 goblins (D:1)
  3 hobgoblins
  3 jackals (D:2)
  4 kobolds (D:1)
  3 quokkas
  3 ball pythons
  4 bats
  2 frilled lizards (D:1)
  3 rats
38 creatures vanquished.

Notes
Turn   | Place    | Note
-------+----------+-------------------------------------------
     0 | D:1      | Aldia the Mountain Dwarf Warper began the quest for the
                  | Orb.
     0 | D:1      | Reached XP level 1. HP: 17/17 MP: 3/3
    49 | D:1      | Reached XP level 2. HP: 16/25 MP: 4/4
    78 | D:1      | Learned a level 2 spell: Blink
   450 | D:1      | Reached XP level 3. HP: 20/30 MP: 5/5
  1163 | D:2      | Reached XP level 4. HP: 37/38 MP: 6/6
  1249 | D:2      | Noticed Jessica
  1260 | D:2      | Killed from afar by Jessica

Illustrated notes

Levels and vault maps discovered:
D:1:      eino_arrival_water_cross, layout_basic
D:2:      layout_loops_corners, minmay_misc_feat_roman, kennysheep_boxes,
          uniq_jessica

Skill      XL: |  1  2  3 |
---------------+----------+-----
Axes           | 3 |  3.9
Armour         | 2 |  2.1
Fighting       | 3 |  3.0
Throwing       | |  0.7
Dodging        | |  1.3
Spellcasting   | |  1.7
Translocations | |  2.6

Action                     |  1- 3 |  4- 6 || total
---------------------------+-------+-------++-------
  Melee: Hand axe          |   126 |    11 ||   137
 Armour: Leather armour    |    36 |       ||    36
         Ring mail         |    61 |    13 ||    74
  Dodge: Dodged            |    60 |     7 ||    67

Table legend: (Time is in decaauts)
 A = Elapsed time spent in this place.
 B = Non-inter-level travel time spent in this place.
 C = Inter-level travel time spent in this place.
 D = Time resting spent in this place.
 E = Time spent auto-exploring this place.
 F = Levels seen in this place.
 G = Mean time per level.
                   A        B        C        D        E       F      G
               +--------+--------+--------+--------+--------+-----+--------+
         Total |   1276 |   1246 |     30 |      0 |    956 |   2 |  638.0 |
       Dungeon |   1276 |   1246 |     30 |      0 |    956 |   2 |  638.0 |
               +--------+--------+--------+--------+--------+-----+--------+

Top non-repeatable levels by time:
     D:1: 866 daAuts
     D:2: 410 daAuts
